 Dungeon Crawl Stone Soup version 0.29.1-12-g30fa7ad0bf (webtiles) character file.

Game seed: 5560853928645151883

46046 wingedge the Protected (level 14, -1/113 HPs)
             Began as a Human Wanderer on Dec 26, 2022.
             Was an Elder of Sif Muna.
             Slain by a sun demon (9 damage)
             ... summoned by an orc sorcerer
             ... while paralysed by an orc sorcerer
             ... on level 1 of the Orcish Mines.
             The game lasted 01:04:28 (30886 turns).

wingedge the Protected (Human Wanderer)            Turns: 30886, Time: 01:04:28

Health: -1/113     AC: 39    Str: 18    XL:     14   Next: 74%
Magic:  24/24      EV:  2    Int: 20    God:    Sif Muna [****..]
Gold:   1258       SH:  0    Dex: 17    Spells: 11/27 levels left

rFire   + . .      SeeInvis +   i - +9 falchion of the Scorned {vorpal, Drain rPois rN++ Will+}
rCold   + + .      Faith    .   x - +0 buckler
rNeg    + + .      Spirit   .   f - +8 orange crystal plate armour {Archmagi, Int+3 Clar}
rPois   +          Reflect  .   P - +1 helmet of Gozag's Felicitations {rC++ rCorr Dex+3}
rElec   .          Harm     .   U - +2 cloak of the Swamp {Str+3 Dex+3}
rCorr   +          Rampage  .   l - +0 pair of gloves
Will    ++...      Archmagi +   e - +0 pair of boots
Stlth   .......... Clarity  +   Z - amulet of regeneration
HPRegen 1.08/turn               s - ring of protection from fire
MPRegen 0.19/turn               d - ring of see invisible

@: paralysed, lethally poisoned (-1 -> -3), spiked
A: no striking features
a: Renounce Religion, Channel Magic, Forget Spell, Divine Exegesis


You were on level 1 of the Orcish Mines.
You worshipped Sif Muna.
Sif Muna was greatly pleased with you.
You visited 4 branches of the dungeon, and saw 19 of its levels.
You also visited: Bailey.

You collected 1258 gold pieces.

Inventory:

Hand Weapons
 h - a +2 scimitar of holy wrath
 i - the +9 falchion of the Scorned (weapon) {vorpal, Drain rPois rN++ Will+}
   (You found it on level 7 of the Dungeon)

   It inflicts extra damage upon your enemies.
   rPois:     It protects you from poison.
   rN:        It greatly protects you from negative energy.
   Drain:     It drains your maximum health when unequipped.
   Will:      It increases your willpower.
 M - a +5 scimitar
 R - a +2 long sword
 S - a +3 trident of freezing
Missiles
 H - 3 throwing nets
 J - 4 javelins
Armour
 e - a +0 pair of boots (worn)
 f - the +8 orange crystal plate armour (worn) {Archmagi, Int+3 Clar}
   (You found it in a bailey)

   Int:       It affects your intelligence (+3).
   Clar:      It protects you against confusion.
 l - a +0 pair of gloves (worn)
 v - a +2 robe of cold resistance
 w - a +1 robe of willpower
 x - a +0 buckler (worn)
 O - a +3 ring mail of cold resistance
 P - the +1 helmet of Gozag's Felicitations (worn) {rC++ rCorr Dex+3}
   (You found it in a bailey)

   Dex:       It affects your dexterity (+3).
   rC:        It greatly protects you from cold.
   rCorr:     It protects you from acid and corrosion.
 U - the +2 cloak of the Swamp (worn) {Str+3 Dex+3}
   (You found it on level 4 of the Lair of Beasts)

   Str:       It affects your strength (+3).
   Dex:       It affects your dexterity (+3).
Magical Staves
 r - a staff of air
 K - a staff of fire
 N - a staff of earth
Jewellery
 d - a ring of see invisible (right hand)
 g - a ring of flight
 p - a ring of ice
 s - a ring of protection from fire (left hand)
 y - an amulet of guardian spirit
 Q - the ring "Page" {rC+++ Will- EV+4}
   (You found it in a bailey)

   [ring of evasion]

   EV:        It affects your evasion (+4).
   rC:        It renders you almost immune to cold.
   Will:      It decreases your willpower.
 V - a ring of protection from fire
 Z - an amulet of regeneration (around neck)
Wands
 j - a wand of flame (27)
 t - a wand of iceblast (4) (quivered)
 D - a wand of digging (5)
 T - a wand of mindburst (3)
 Y - a wand of acid (3)
Scrolls
 b - 3 scrolls of teleportation
 c - 4 scrolls of blinking
 m - 4 scrolls of amnesia
 n - 3 scrolls of poison
 q - 13 scrolls of enchant weapon
 u - 3 scrolls of fear {unknown}
 z - 2 scrolls of silence {unknown}
 E - 2 scrolls of enchant armour {unknown}
 G - 4 scrolls of immolation {unknown}
 L - 3 scrolls of butterflies {unknown}
 X - 2 scrolls of magic mapping {unknown}
Potions
 a - 5 potions of heal wounds {unknown}
 k - a potion of curing
 o - 3 potions of mutation
 A - a potion of magic {unknown}
 B - a potion of ambrosia {unknown}
 C - 2 potions of resistance {unknown}
 F - a potion of cancellation {unknown}
 I - 6 potions of haste {unknown}
 W - a potion of invisibility


   Skills:
 + Level 11.6 Fighting
 + Level 7.0 Long Blades
 - Level 3.0(3.3) Axes
 - Level 2.2(3.0) Maces & Flails
 - Level 5.0 Throwing
 + Level 12.3 Armour
 - Level 4.0 Dodging
 - Level 4.0 Shields
 - Level 7.0 Spellcasting
 - Level 7.4 Conjurations
 - Level 1.0 Fire Magic
 - Level 7.0 Ice Magic
 - Level 1.0 Air Magic
 - Level 4.0 Earth Magic
 - Level 4.0 Invocations
 - Level 6.0 Evocations


You had 11 spell levels left.
You knew the following spells:

 Your Spells              Type           Power      Damage    Failure   Level
a - Sandblast             Erth           68%        2d15      95%         1
b - Static Discharge      Conj/Air       35%        3-8/arc   98%         2
c - Stone Arrow           Conj/Erth      88%        3d12      99%         3
d - Hailstorm             Conj/Ice       52%        3d12      100%        4
e - Apportation           Tloc           20%        N/A       100%        1
f - Sticky Flame          Conj/Fire      35%        2d5       100%        4
g - Freeze                Ice            100%       1d11      63%         1

Your spell library contained the following spells:

 Spells                   Type           Power      Damage    Failure   Level
 Frozen Ramparts          Ice            100%       1d16      94%         3
 Necrotise                Necr           40%        1d6       100%        1
 Summon Small Mammal      Summ           40%        N/A       100%        1
 Gell's Gravitas          Tloc           10%        N/A       100%        3
 Lesser Beckoning         Tloc           10%        N/A       100%        3
 Mephitic Cloud           Conj/Pois/Air  27%        N/A       100%        3
 Summon Guardian Golem    Hex/Summ       10%        N/A       100%        3
 Teleport Other           Tloc           10%        N/A       100%        3
 Animate Armour           Summ/Erth      44%        N/A       100%        4
 Dispel Undead            Necr           10%        3d9       100%        4
 Ice Form                 Ice/Tmut       31%        N/A       100%        4
 Olgreb's Toxic Radiance  Pois           10%        N/A       100%        4
 Summon Ice Beast         Ice/Summ       31%        N/A       100%        4
 Alistair's Intoxication  Tmut/Pois      6%         N/A       100%        5
 Blade Hands              Tmut           5%         N/A       100%        5
 Irradiate                Conj/Tmut      16%        3d17      100%        5
 Iskenderun's Battlesphe  Conj           53%        2d10      100%        5
 Metabolic Englaciation   Hex/Ice        15%        N/A       100%        5
 Summon Forest            Summ/Tloc      5%         N/A       100%        5
 Eringya's Noxious Bog    Tmut/Pois      5%         N/A       100%        6
 Iron Shot                Conj/Erth      22%        9d5       100%        6
 Simulacrum               Ice/Necr       15%        N/A       100%        6
 Orb of Destruction       Conj           26%        9d9       100%        7
 Spellforged Servitor     Conj/Summ      16%        N/A       100%        7
 Summon Hydra             Summ           5%         N/A       100%        7


Dungeon Overview and Level Annotations

Branches:
Dungeon (12/15)            Temple (1/1) D:7            Lair (5/5) D:8
  Swamp (0/4) Lair:3        Snake (0/4) Lair:2        Slime (0/5) Lair:5
    Orc (1/2) D:11         Bailey (visited)

Altars:
Ashenzari
Cheibriados
Dithmenos
Elyvilon
Fedhas
Gozag
Hepliaklqana
Kikubaaqudgha
Makhleb
Nemelex Xobeh
Okawaru
Qazlal
Ru
Sif Muna
Trog
Uskayaw
Vehumet
Wu Jian
Xom
Yredelemnul
Zin
The Shining One
Jiyva

Shops:
D:2 (

Annotations:
D:8 1 runed translucent door


Message History

The orc warrior hits you from afar with a +0 glaive!
The orc warrior hits you but does no damage.
An orc wizard comes into view. It is wielding a +0 dagger.
Unknown command.
Unknown command.
You hit the orc sorcerer.
The orc sorcerer is severely wounded.
You feel sick. You block the orange demon's attack.
The orc hits you but does no damage.
The orc warrior hits you from afar with a +0 halberd.
The orc wizard hits you but does no damage.
The orc sorcerer points at you and mumbles some strange words.
You suddenly lose the ability to move!
A troll comes into view.
The orc completely misses you.
The orc warrior hits you but does no damage.
The orc priest calls down the wrath of Beogh upon you.
Beogh smites you!
* * * LOW HITPOINT WARNING * * *
The orc hits you but does no damage.
The orc warrior hits you but does no damage. x2
The sun demon hits you but does no damage.
You feel very sick.
The red devil hits you from afar with a +0 trident!
* * * LOW HITPOINT WARNING * * *
Barbed spikes become lodged in your body.
The orange demon stings you but does no damage.
The orc hits you but does no damage.
The orc warrior hits you but does no damage.
The orc wizard hits you but does no damage.
The orc barely misses you.
The orc warrior hits you but does no damage. x2
The orc priest hits you but does no damage.
The orc wizard gestures wildly while chanting.
The orc wizard flickers and vanishes for a moment.
The orc warrior hits you but does no damage.
The sun demon hits you.
* * * LOW HITPOINT WARNING * * *
You are engulfed in flames!
You resist.
You die...

.........#... .
...$........ ..
....oo....##.
...#.#o$........
#.........#.....
#......o)..#.$$.
$.....)ooo......
.T...4o@ooo...#.
......3ooo......
##.....oo4...#..
###........$...
#..........#.
#.............
#.....$..#.....
...............
#..#...#....#.#


You could see a sun demon (summoned), an orange demon (summoned), a troll, an
orc sorcerer, a red devil (summoned), 4 orc warriors, an orc priest, 5 orc
wizards and 5 orcs.

Vanquished Creatures
  Nessos (Lair:3)
  A fire dragon (Lair:5)
  Harold (Lair:1)
  Erolcha (D:9)
  2 hydras
  4 two-headed ogres
  A deep troll (Lair:1)
  A lindwurm (Lair:5)
  Pikel (D:4)
  An orc sorcerer (Orc:1)
  2 black mambas (Lair:5)
  A cyclops (D:11)
  12 elephants
  2 molten gargoyles (Lair:5)
  9 cane toads
  A torpor snail (Lair:5)
  The ghost of hawla the Chiller, a novice MeIE of Vehumet (D:5)
  4 gargoyles
  A kobold demonologist (D:9)
  An unseen horror (D:11)
  10 komodo dragons
  2 trolls
  2 polar bears
  Grinder (D:6)
  12 blink frogs
  A meliai zombie (D:12)
  16 dream sheep
  3 vampires
  2 shadows
  3 wyverns
  50 yaks
  Grum (Lair:1)
  3 basilisks
  Edmund (D:4)
  3 steam dragons
  Menkaure (D:6)
  2 vampire mosquitoes (D:10)
  An acid dragon (D:11)
  A swamp worm (Lair:3)
  12 water moccasins
  4 hell hounds (Lair:5)
  2 orc warriors
  2 black bears (D:6)
  12 wolves
  A sky beast (D:7)
  2 centaurs
  3 lemures
  3 kobold brigands
  Blork the orc (D:6)
  9 bullfrogs
  2 gnoll sergeants
  3 necrophages (D:4)
  4 scorpions
  21 wights
  21 killer bees
  7 vampire bats (Bailey)
  3 howler monkeys
  9 wolf zombies (Bailey)
  2 electric eels (Lair:2)
  5 lava snakes (Lair:5)
  A centaur zombie (D:4)
  7 jellies
  A human zombie (D:4)
  6 orc priests
  A gnoll bouda (D:6)
  4 hounds
  2 iguanas (D:6)
  10 orc wizards
  Natasha (twice) (D:2)
  2 hound zombies (D:4)
  3 mummies (D:4)
  12 gnolls
  11 adders
  A shadow imp (D:7)
  A white imp (D:7)
  An adder zombie (D:4)
  2 worms (D:2)
  3 dart slugs
  29 orcs
  9 bats
  11 endoplasms
  5 giant cockroaches
  4 hobgoblins
  4 jackals (D:2)
  6 quokkas
  13 ball pythons
  4 frilled lizards
  15 goblins
  18 kobolds
  22 orc zombies (Bailey)
  A quokka zombie (D:4)
  7 rats
509 creatures vanquished.

Vanquished Creatures (others)
  A shadow (D:10)
  17 fungi
  30 plants
48 creatures vanquished.

Grand Total: 557 creatures vanquished

Notes
Turn   | Place    | Note
-------+----------+-------------------------------------------
     0 | D:1      | wingedge the Human Wanderer began the quest for the Orb.
     0 | D:1      | wingedge set off with the following items: a +2 hand axe, a
                  | +0 scale mail, a scroll of blinking; and the following
                  | spell memorised: Sandblast; and the following spells
                  | available to memorise: Stone Arrow.
     0 | D:1      | Reached XP level 1. HP: 15/15 MP: 3/3
   360 | D:1      | Reached XP level 2. HP: 21/21 MP: 5/5
   551 | D:1      | Reached XP level 3. HP: 24/26 MP: 6/6
  1095 | D:2      | Reached XP level 4. HP: 14/32 MP: 3/8
  1768 | D:2      | Noticed Natasha
  1777 | D:2      | Killed Natasha
  1778 | D:2      | Reached skill level 1 in Conjurations
  1778 | D:2      | Reached XP level 5. HP: 21/39 MP: 9/9
  2114 | D:2      | Noticed Natasha
  2121 | D:2      | Killed Natasha
  2264 | D:2      | Found Reshriv's Weapon Emporium.
  2613 | D:3      | Learned a level 2 spell: Static Discharge
  2617 | D:3      | Learned a level 3 spell: Stone Arrow
  3045 | D:4      | Noticed a lemure
  3046 | D:4      | Noticed Pikel
  3048 | D:4      | Noticed a lemure
  3049 | D:4      | Noticed a lemure
  3049 | D:4      | Noticed a lemure
  3050 | D:4      | Killed a lemure
  3321 | D:4      | Reached XP level 6. HP: 45/47 MP: 0/11
  3455 | D:4      | Noticed Edmund
  4201 | D:4      | Reached skill level 1 in Air Magic
  4717 | D:4      | Killed Edmund
  4718 | D:4      | Reached XP level 7. HP: 4/52 MP: 1/13
  5204 | D:4      | Killed Pikel
  5205 | D:4      | Reached skill level 5 in Spellcasting
  5205 | D:4      | Reached XP level 8. HP: 22/60 MP: 1/15
  5454 | D:4      | Reached skill level 5 in Conjurations
  5550 | D:4      | Learned a level 4 spell: Hailstorm
  5576 | D:4      | Found an ancient bone altar of Kikubaaqudgha.
  5805 | D:4      | Reached skill level 1 in Ice Magic
  6477 | D:5      | Entered Level 5 of the Dungeon
  6484 | D:5      | Found a runed translucent door.
  6492 | D:5      | Noticed hawla's ghost (novice MeIE)
  6531 | D:5      | Reached skill level 1 in Dodging
  7220 | D:5      | Reached skill level 1 in Maces & Flails
  7619 | D:5      | Killed hawla's ghost
  7620 | D:5      | Reached skill level 5 in Fighting
  7620 | D:5      | Reached XP level 9. HP: 11/68 MP: 0/16
  7956 | D:6      | Noticed Blork the orc
  8045 | D:6      | Killed Blork the orc
  8773 | D:6      | Found a shimmering blue altar of Sif Muna.
  8776 | D:6      | Became a worshipper of Sif Muna the Loreminder
  8839 | D:6      | Noticed Grinder
  8845 | D:6      | Killed Grinder
  9436 | D:6      | Noticed Menkaure
  9440 | D:6      | Killed Menkaure
  9441 | D:6      | Reached skill level 1 in Invocations
  9441 | D:6      | Reached XP level 10. HP: 76/76 MP: 8/19
  9593 | D:7      | Identified the +9 falchion of the Scorned {vorpal, Drain
                  | rPois rN++ Will+}
  9655 | D:7      | Found a staircase to the Ecumenical Temple.
  9694 | D:7      | Found a white marble altar of Elyvilon.
  9751 | D:6      | Reached * piety under Sif Muna
  9752 | D:6      | Reached skill level 1 in Long Blades
  9964 | Temple   | Entered the Ecumenical Temple
 10290 | D:7      | Found a shadowy altar of Dithmenos.
 10670 | D:8      | Reached skill level 5 in Ice Magic
 11462 | D:8      | Found a staircase to the Lair.
 11718 | D:8      | Noticed a cyan ugly thing
 11719 | D:8      | Noticed a white ugly thing
 11719 | D:8      | Found a runed translucent door.
 11721 | D:8      | Noticed a freezing wraith
 11721 | D:8      | Noticed a boulder beetle
 11721 | D:8      | Noticed a manticore
 11721 | D:8      | Noticed an efreet
 11761 | D:8      | Reached ** piety under Sif Muna
 12044 | D:8      | Reached skill level 1 in Shields
 12702 | D:9      | Noticed Erolcha
 12709 | D:9      | Killed Erolcha
 12843 | D:9      | Reached XP level 11. HP: 49/84 MP: 7/20
 13631 | D:9      | Found a hide-covered altar of Uskayaw.
 14668 | D:9      | Found a blossoming altar of Fedhas.
 14671 | D:9      | Noticed a two-headed ogre
 14679 | D:9      | Killed a two-headed ogre
 15096 | D:10     | Entered Level 10 of the Dungeon
 15122 | D:10     | Found a burning altar of Makhleb.
 15122 | D:10     | Found an opulent altar of Gozag.
 15538 | D:10     | Found a flagged portal.
 15549 | Bailey   | Entered a bailey
 15662 | Bailey   | Reached *** piety under Sif Muna
 16182 | Bailey   | Learned a level 1 spell: Apportation
 16187 | Bailey   | Learned a level 4 spell: Sticky Flame
 16955 | Bailey   | Found the +8 orange crystal plate armour {Archmagi, Int+3
                  | Clar}
 16963 | Bailey   | Identified the +1 helmet of Gozag's Felicitations {rC++
                  | rCorr Dex+3}
 16972 | Bailey   | Identified the ring "Page" {rC+++ Will- EV+4}
 17181 | D:10     | Reached skill level 3 in Armour
 17181 | D:10     | Reached skill level 1 in Fire Magic
 17652 | D:10     | Noticed a two-headed ogre
 17671 | D:10     | Killed a two-headed ogre
 17672 | D:10     | Reached XP level 12. HP: 48/95 MP: 9/21
 17975 | D:10     | Found a broken altar of Ashenzari.
 18216 | D:11     | Reached skill level 5 in Long Blades
 18365 | Lair:1   | Entered Level 1 of the Lair of Beasts
 18365 | Lair:1   | Noticed Grum
 18371 | Lair:1   | Killed Grum
 18374 | Lair:1   | Reached **** piety under Sif Muna
 18563 | Lair:1   | Noticed Harold
 18582 | Lair:1   | Killed Harold
 18583 | Lair:1   | Reached skill level 4 in Armour
 18583 | Lair:1   | Reached skill level 1 in Evocations
 20053 | Lair:1   | Noticed a deep troll
 20065 | Lair:1   | Killed a deep troll
 20066 | Lair:1   | Reached skill level 5 in Armour
 20397 | Lair:2   | Reached skill level 6 in Armour
 20770 | Lair:2   | Reached skill level 7 in Armour
 21311 | Lair:2   | Reached skill level 8 in Armour
 21631 | Lair:2   | Reached XP level 13. HP: 101/101 MP: 23/23
 21740 | Lair:2   | Reached skill level 9 in Armour
 22028 | Lair:2   | Found a staircase to the Snake Pit.
 22753 | Lair:3   | Reached skill level 10 in Armour
 23126 | Lair:3   | Found a staircase to the Swamp.
 23227 | Lair:3   | Noticed Nessos
 23248 | Lair:3   | Killed Nessos
 23249 | Lair:3   | Reached skill level 1 in Throwing
 23765 | Lair:3   | Got the Tome of Pollution
 24335 | Lair:4   | Identified the +2 cloak of the Swamp {Str+3 Dex+3}
 24923 | Lair:4   | Learned a level 1 spell: Freeze
 25325 | Lair:5   | Entered Level 5 of the Lair of Beasts
 25325 | Lair:5   | Noticed a six-headed hydra
 25325 | Lair:5   | Found an ancient bone altar of Kikubaaqudgha.
 25336 | Lair:4   | Killed a six-headed hydra
 25426 | Lair:4   | Reached skill level 10 in Fighting
 25746 | Lair:4   | Reached ***** piety under Sif Muna
 25825 | Lair:4   | Reached skill level 11 in Armour
 26032 | Lair:4   | Reached skill level 5 in Evocations
 26233 | Lair:5   | Reached XP level 14. HP: 103/110 MP: 24/24
 26514 | Lair:5   | Received a gift from Sif Muna
 26515 | Lair:5   | Got Sif Muna's Atlas of Chilling Battle Magic {god gift}
 26625 | Lair:5   | Found a staircase to the Slime Pits.
 26627 | Lair:5   | Found a viscous altar of Jiyva.
 27589 | Lair:5   | Found a large runed translucent door.
 27589 | Lair:5   | Found a large runed translucent door.
 27966 | Lair:5   | Reached skill level 12 in Armour
 29862 | D:11     | Reached skill level 5 in Throwing
 29897 | D:11     | Found a staircase to the Orcish Mines.
 30870 | Orc:1    | Entered Level 1 of the Orcish Mines
 30885 | Orc:1    | Paralysed by an orc sorcerer for 5 turns
 30886 | Orc:1    | Slain by a sun demon

Illustrated notes

Levels and vault maps discovered:
D:1:      ncdulo_watergridlock, layout_basic
D:2:      layout_loops_ring, serial_shops, nicolae_lakefront_shop, st_stairs_1,
          chequers_arboretum, minmay_three_crescents, uniq_natasha
D:3:      layout_basic
D:4:      layout_basic, lemuel_mausoleum_altar_kikubaaqudgha, uniq_edmund,
          uniq_pikel
D:5:      layout_loops_corners, ebering_ghost_reflecting_pool
D:6:      layout_rooms, lemuel_blue_sif_altar, minmay_diced_spiral,
          uniq_blork_the_orc, uniq_menkaure, uniq_grinder
D:7:      layout_rooms, kennysheep_mini_moat, nicolae_overflow_hidden_temple,
          temple_pool_b, minivault_25
D:8:      minmay_gate_of_8, layout_basic, lair_entry_dummy
D:9:      layout_cave_pools, mainiacjoe_overflow_six_doors_small,
          kennysheep_mini, uniq_erolcha
D:10:     layout_roguey, cheibrodos_ashenzari_chains,
          mainiacjoe_overflow_divided_tiny, enter_bailey_3
D:11:     layout_layer_cave, orc_0_dummy
D:12:     layout_cave_pools, serial_undead, serial_undead_a, serial_undead_f,
          serial_undead_b, serial_undead_d, uniq_fannar, uniq_snorg, uniq_urug
Temple:   nicolae_temple_figure_eight
Lair:1:   dreamdust_cave_troll, layout_chaotic_city, uniq_grum, uniq_harold
Lair:2:   layout_gridlike, guppyfry_snake_entry_garden, serial_bayou,
          serial_bayou_pond_a, serial_bayou_pond_e, serial_bayou_pond_b,
          serial_bayou_ford_a
Lair:3:   layout_loops_ring, minmay_swamp_entry_worms, lemuel_old_faithful,
          uniq_nessos
Lair:4:   layout_regular_city, grunt_megastairs_4
Lair:5:   cheibrodos_lair_end_hotspot, layout_gridlike,
          nicolae_slime_entry_slimehenge, basic_altar
Orc:1:    layout_caves, basic_altar

Skill      XL: |  1  2  3  4  5  6  7  8  9 10 11 12 13 14 |
---------------+-------------------------------------------+-----
Earth Magic    | 3 4 |  4.0
Spellcasting   | 3 4 5 6 7 |  7.0
Fighting       | 2 3 4 5 6 7 9 10 11 | 11.6
Conjurations   | 1 3 4 5 6 7 |  7.4
Air Magic      | 1 |  1.0
Ice Magic      | 3 4 6 7 |  7.0
Dodging        | 3 4 |  4.0
Maces & Flails | 2 |  2.2
Invocations    | 1 3 4 |  4.0
Long Blades    | 4 6 7 |  7.0
Shields        | 2 4 |  4.0
Armour         | 3 8 11 12 | 12.3
Fire Magic     | 1 |  1.0
Evocations     | 3 5 6 |  6.0
Throwing       | 4 5 |  5.0
Axes           | |  3.0

Action                   |  1- 3 |  4- 6 |  7- 9 | 10-12 | 13-15 || total
-------------------------+-------+-------+-------+-------+-------++-------
Melee: Hand axe          |    73 |   103 |    12 |       |       ||   188
       Punch             |       |     1 |     1 |       |       ||     2
       Whip              |       |    10 |     9 |       |       ||    19
       Dire flail        |       |       |    22 |       |       ||    22
       Mace              |       |       |    32 |       |       ||    32
       Spear             |       |       |     7 |       |       ||     7
       Staff             |       |       |     4 |       |       ||     4
       Falchion          |       |       |       |   432 |   876 ||  1308
Throw: Boomerang         |       |       |     1 |       |       ||     1
       Javelin           |       |       |       |     4 |     5 ||     9
 Cast: Sandblast         |    11 |    31 |       |       |       ||    42
       Stone Arrow       |       |    22 |    49 |    64 |       ||   135
       Static Discharge  |       |     9 |    55 |    78 |       ||   142
       Hailstorm         |       |       |     2 |    29 |       ||    31
Invok: Channel Magic     |       |       |       |       |     5 ||     5
Evoke: Wand              |       |       |       |     9 |    17 ||    26
  Use: Scroll            |       |     2 |     6 |     5 |       ||    13
       Potion            |       |       |     3 |     5 |       ||     8
 Stab: Sleeping          |       |       |     1 |       |       ||     1
       Invisible         |       |       |       |     1 |       ||     1
Armor: Scale mail        |    30 |       |       |       |       ||    30
       Ring mail         |     5 |    36 |       |     8 |       ||    49
       Leather armour    |       |    17 |       |       |       ||    17
       Robe              |       |       |    68 |    59 |       ||   127
       Crystal plate arm |       |       |       |   506 |  1386 ||  1892
Dodge: Dodged            |    55 |    84 |   101 |   201 |   235 ||   676
Block: Buckler           |       |       |    11 |   147 |   324 ||   482
